 Dungeon Crawl Stone Soup version 0.20-a0-2-g2b0e13a (webtiles) character file.

239 Naow the Skirmisher (level 6, 0/68 HPs)
             Began as an Ogre Hunter on Oct 28, 2016.
             Succumbed to an adder's poison
             ... on level 3 of the Dungeon.
             The game lasted 00:07:00 (4349 turns).

Naow the Skirmisher (Ogre Hunter)                   Turns: 4349, Time: 00:07:01

Health: 0/68       AC:  3    Str: 20    XL:     6   Next: 7%
Magic:  5/5        EV: 14    Int: 10    God:
Gold:   52         SH:  0    Dex: 15    Spells: 0 memorised, 5 levels left

rFire  . . .     SeeInvis .     q - +0 flail
rCold  . . .     Gourm    .     b - +0 robe
rNeg   + . .     Faith    .     (no shield)
rPois  .         Spirit   .     (helmet restricted)
rElec  .         Reflect  .     (no cloak)
rCorr  .         Harm     .     (gloves unavailable)
MR     .....                    (boots unavailable)
Stlth  +.........               (no amulet)
                                p - ring of loudness
                                m - ring of positive energy

@: agile, lethally poisoned (0 -> -6), flying, heavily drained
A: unfitting armour, low mp 1, tough skin 1
a: no special abilities


You were on level 3 of the Dungeon.
You were not hungry.

You visited 1 branch of the dungeon, and saw 3 of its levels.

You collected 52 gold pieces.

Inventory:

Hand Weapons
 a - a +0 short sword
 k - a +0 club
 q - a +0 flail (weapon)
Armour
 b - a +0 robe (worn)
Jewellery
 m - a ring of positive energy (left hand)
 p - a ring of loudness (right hand)
Scrolls
 e - 3 scrolls of identify
 i - 4 scrolls of remove curse
Comestibles
 f - 3 bread rations
 g - 3 chunks of flesh
 h - a beef jerky
 n - a meat ration


   Skills:
 + Level 6.6(5.2) Fighting
 + Level 4.4(3.1) Maces & Flails
 - Level 4.0(2.7) Throwing
 - Level 1.7(0.5) Dodging
 - Level 0.6(0.0) Stealth


You had 5 spell levels left.
You didn't know any spells.

Dungeon Overview and Level Annotations

Branches:
Dungeon (3/15)

Altars:


Innate Abilities, Weirdness & Mutations

You are too large for most types of armour.
You have tough skin. (AC +1)
Your magical capacity is low. (-10% MP)


Message History

a goblin corpse
* * * LOW HITPOINT WARNING * * *
You feel sick.
Things that are here:
3 large rocks; a chunk of flesh; an adder corpse
* * * LOW HITPOINT WARNING * * *
You feel sick.
Items here: (( ) ? † 2 throwing nets; a large rock; a dagger; a scroll of remove curse a goblin corpse
* * * LOW HITPOINT WARNING * * *
You feel sick.
Things that are here:
3 large rocks; a chunk of flesh; an adder corpse
* * * LOW HITPOINT WARNING * * *
You feel sick.
Items here: (( ) ? † 2 throwing nets; a large rock; a dagger; a scroll of remove curse a goblin corpse You die...

#........###
#..........#
#..#######.# ####
#..#≈≈≈≈≈#.#
...#########..#≈≈.≈≈'(#
...##.........#≈≈≈≈≈#.#
..........###.#######.#
..........##....(.....#
...)#..#..####.#@######
....##....# #.#.#
###.##.#..# #.#.#### #
.....#..####.)....#
..........>..#.##.#.#
#......#####...# <..
........# ##### ####
#.......# ........


There were no monsters in sight!

Vanquished Creatures
  A howler monkey (D:3)
  An orc priest (D:3)
  9 adders
  2 worms
  A leopard gecko (D:3)
  4 orcs (D:3)
  4 giant cockroaches
  12 goblins
  10 hobgoblins
  6 jackals
  2 quokkas (D:2)
  A ball python (D:2)
  12 bats
  3 frilled lizards (D:2)
  3 kobolds
  8 rats
79 creatures vanquished.

Notes
Turn   | Place    | Note
-------+----------+-------------------------------------------
     0 | D:1      | Naow the Ogre Hunter began the quest for the Orb.
     0 | D:1      | Reached XP level 1. HP: 22/22 MP: 1/1
    37 | D:1      | Reached skill level 3 in Fighting
   111 | D:1      | Reached XP level 2. HP: 16/31 MP: 2/2
   423 | D:1      | Reached skill level 1 in Maces & Flails
   711 | D:1      | Reached skill level 4 in Fighting
  1053 | D:2      | Reached XP level 3. HP: 32/39 MP: 3/3
  2016 | D:2      | Gained mutation: Your magical capacity is low. (-10% MP) [potion of mutation]
  2016 | D:2      | Gained mutation: You are dopey. (Int -2) [potion of mutation]
  2016 | D:2      | Lost mutation: You are dopey. (Int -2) [potion of mutation]
  2018 | D:2      | Reached XP level 4. HP: 16/49 MP: 3/3
  2352 | D:2      | Reached skill level 5 in Fighting
  2689 | D:3      | Reached XP level 5. HP: 19/58 MP: 4/4
  3162 | D:3      | Reached skill level 6 in Fighting
  4336 | D:3      | Reached XP level 6. HP: 24/68 MP: 5/5
  4345 | D:3      | HP: 3/68 [poisoned by an adder]
  4348 | D:3      | HP: 1/68 [poisoned by an adder]
  4349 | D:3      | Succumbed to an adder's poison

Vault maps used:
D:1:      grunt_arrival_crossed_arrows
D:3:      gup_sewer_entry_glass, minmay_statues_item

Skill      XL: |  1  2  3  4  5 |
---------------+----------------+-----
Fighting       | 3 4 5 6 |  6.6
Maces & Flails | 1 2 3 4 |  4.4
Throwing       | |  4.0
Dodging        | |  1.7
Stealth        | |  0.6

Action                   |  1- 3 |  4- 6 || total
-------------------------+-------+-------++-------
Melee: Short sword       |   202 |    44 ||   246
       Flail             |       |   120 ||   120
Throw: Large rock        |     2 |    22 ||    24
       Throwing net      |       |     2 ||     2
  Use: Potion            |     2 |     3 ||     5
       Scroll            |       |     3 ||     3
 Stab: Sleeping          |       |     2 ||     2
  Eat: Chunk             |     4 |     3 ||     7
       Meat ration       |       |     1 ||     1
Armor: Robe              |    81 |    63 ||   144
Dodge: Dodged            |   161 |   143 ||   304
